 Dungeon Crawl Stone Soup version 0.31.0-11-ge490571c62 (webtiles) character file.

Game seed: 3479148472483464945

254 ces the Cleaver (level 5, -1/67 HPs)
             Began as a Minotaur Berserker on Jan 26, 2024.
             Was a Believer of Trog.
             Incinerated by a bombardier beetle (9 damage)
             ... with a burning spray
             ... on level 4 of the Dungeon.
             The game lasted 00:03:13 (2901 turns).

ces the Cleaver (Minotaur Berserker)                Turns: 2901, Time: 00:03:14

Health: -1/67      AC: 22    Str: 24    XL:     5   Next: 90%
Magic:  4/4        EV:  2    Int:  4    God:    Trog [**....]
Gold:   187        SH:  0    Dex:  9    Spells: 4/4 levels left

rFire   . . .        a - +0 hand axe
rCold   . . .        (no shield)
rNeg    . . .        b - melded +0 animal skin
rPois   +            (helmet currently unavailable)
rElec   .            (cloak currently unavailable)
rCorr   .            (gloves currently unavailable)
SInv    .            (boots currently unavailable)
Will    .....        (no amulet)
Stlth   +            (no ring)
HPRegen 0.31/turn    (no ring)
MPRegen 0.09/turn

%: no passive effects
@: on fire, tree-form, on berserk cooldown, slowed, glowing, very slow
A: stationary, stasis, torment immunity, boosted hp, (horns 2), (retaliatory
headbutt)
a: Renounce Religion, Berserk, Trog's Hand


You were on level 4 of the Dungeon.
You worshipped Trog.
Trog was pleased with you.
You were a tree.
You visited 1 branch of the dungeon, and saw 4 of its levels.

You collected 187 gold pieces.

Inventory:

Hand Weapons
 a - a +0 hand axe (weapon)
Armour
 b - a +0 animal skin (melded)
Jewellery
 j - a ring of positive energy
Scrolls
 c - 3 scrolls of immolation
 e - 2 scrolls of teleportation
 f - a scroll of revelation {unknown}
 g - a scroll of noise {unknown}
 n - a scroll of identify
Potions
 d - 3 potions of resistance {unknown}
 i - a potion of brilliance
 k - a potion of enlightenment {unknown}
 l - a potion of curing {unknown}
 m - a potion of haste {unknown}


   Skills:
 - Level 3.6 Fighting
 + Level 8.1 Axes
 - Level 2.4 Armour
 - Level 2.1 Dodging


You had 4 spell levels left.
You didn't know any spells.
Your spell library was empty.

Dungeon Overview and Level Annotations

Branches:
Dungeon (4/15)
 Temple: D:4-7

Altars:
Cheibriados
Fedhas
Trog


Innate Abilities, Weirdness & Mutations

You are a tree.
Your roots penetrate the ground, keeping you stationary.
You cannot be teleported.
You are immune to unholy pain and torment.
Your maximum health is greatly increased.
Your equipment is partially melded.
((You have a pair of horns on your head.))
((You reflexively headbutt those who attack you in melee.))


Message History

Trog accepts your kill. The liquid fire burns you!
* * * LOW HITPOINT WARNING * * *
The bombardier beetle bites you but does no damage.
You closely miss the bombardier beetle.
The bombardier beetle is almost dead.
The liquid fire burns you!
* * * LOW HITPOINT WARNING * * *
You slash the bombardier beetle!
You kill the bombardier beetle!
Trog accepts your kill. The liquid fire burns you!
* * * LOW HITPOINT WARNING * * *
Your Axes skill increases to level 8!
You cannot move.
You are on fire!
You are on fire!
You are on fire!
You are on fire!
You are on fire!
The liquid fire burns you!
* * * LOW HITPOINT WARNING * * *
You feel a strong urge to attack something.
The liquid fire burns you!
* * * LOW HITPOINT WARNING * * *
The liquid fire burns you!
* * * LOW HITPOINT WARNING * * *
You feel your anger nearly subside. The liquid fire burns you!
* * * LOW HITPOINT WARNING * * *
You are no longer berserk.
You are exhausted.
You feel yourself slow down.
You are on fire!
You are on fire!
You are on fire!
You are on fire!
You are on fire!
The liquid fire burns you!
You die...

#.###..###.. #.
........##.# ..
.......^...## .####
.......<.......# ..?. .
..............## ..# ..
.............[.##.###...
........................
...........#...#........
...........##.##♣)~~....
............####.†..~...
.............# ~~~..~..~
........###..#~~~..~..~.
.........##..#~~...~.⌠~.
.........##..#~~..~..~⌠.
..#†.##..###.#~~..~..~..
....###.## .##~...~~..~
#....##.## ..


There were no monsters in sight!

Vanquished Creatures
  A bombardier beetle (D:4)
  Crazy Yiuf (D:3)
  A sleepcap (D:4)
  An orc wizard (D:3)
  5 adders
  2 dart slugs
  2 ribbon worms (D:3)
  12 orcs
  5 ball pythons
  3 endoplasms
  3 giant cockroaches
  5 goblins
  6 hobgoblins
  3 jackals (D:2)
  6 kobolds
  2 quokkas
  7 bats
  5 frilled lizards (D:1)
  8 rats
78 creatures vanquished.

Notes
Turn   | Place    | Note
-------+----------+-------------------------------------------
     0 | D:1      | ces the Minotaur Berserker began the quest for the Orb.
     0 | D:1      | Reached XP level 1. HP: 19/19 MP: 0/0
    93 | D:1      | Reached skill level 4 in Axes
   201 | D:1      | Reached XP level 2. HP: 26/26 MP: 1/1
   640 | D:2      | Reached ** piety under Trog
   641 | D:2      | Reached skill level 5 in Axes
   826 | D:2      | Identified the +6 whip of Ceseid Ucyss {heavy, rElec Dex+3}
   916 | D:2      | Reached XP level 3. HP: 29/31 MP: 2/2
  1241 | D:2      | Found a faded altar of an unknown god.
  1636 | D:3      | Reached skill level 6 in Axes
  1636 | D:3      | Reached XP level 4. HP: 39/39 MP: 3/3
  1800 | D:3      | Found a snail-covered altar of Cheibriados.
  1869 | D:3      | Found a blossoming altar of Fedhas.
  1869 | D:3      | Found a bloodstained altar of Trog.
  2014 | D:3      | Reached skill level 7 in Axes
  2014 | D:3      | Reached XP level 5. HP: 45/45 MP: 4/4
  2550 | D:3      | Found a runed translucent door.
  2551 | D:3      | Noticed Crazy Yiuf
  2694 | D:3      | Killed Crazy Yiuf
  2897 | D:4      | Reached skill level 8 in Axes
  2901 | D:4      | Incinerated by a bombardier beetle

Illustrated notes

Levels and vault maps discovered:
D:1:      lemuel_arrival_rhombus, layout_loops_ring, minmay_crystal_room,
          minmay_pentomino_s2
D:2:      layout_basic, shapermc_ecumenical_altar_rom_forum
D:3:      layout_basic, grunt_temple_overflow_open, minmay_quadrilaterals,
          uniq_crazy_yiuf_cottage
D:4:      cheibrodos_helix_gallery, layout_cave_pools, uniq_menkaure

Skill      XL: |  1  2  3  4  5 |
---------------+----------------+-----
Axes           | 4 5 6 7 8 |  8.1
Fighting       | |  3.6
Armour         | |  2.4
Dodging        | |  2.1

Action                     |  1- 3 |  4- 6 || total
---------------------------+-------+-------++-------
  Melee: Hand axe          |    89 |    74 ||   163
         Headbutt          |    13 |    11 ||    24
         Punch             |     1 |       ||     1
 Invoke: Berserk           |     1 |     2 ||     3
    Use: Scroll            |     4 |       ||     4
         Potion            |       |     1 ||     1
   Stab: Sleeping          |     1 |       ||     1
 Armour: Animal skin       |    44 |    33 ||    77
         Skin              |       |     3 ||     3
  Dodge: Dodged            |    52 |    34 ||    86
